 Dungeon Crawl Stone Soup version 0.26-a0-259-g1effd001a9 (webtiles) character file.

Game seed: 11056495698302960390

89 Arthanis the Skirmisher (level 4, 0/43 HPs)
             Began as a Gargoyle Berserker on July 26, 2020.
             Was a Believer of Trog.
             Slain by a gnoll
             ... wielding a +0 flail
              (12 damage)
             ... on level 3 of the Dungeon.
             The game lasted 00:02:06 (2413 turns).

Arthanis the Skirmisher (Gargoyle Berserker)        Turns: 2413, Time: 00:02:07

Health: 0/43       AC:  5    Str: 20    XL:     4   Next: 55%
Magic:  4/4        EV: 12    Int:  9    God:    Trog [**....]
Gold:   102        SH:  0    Dex:  9    Spells: 3/3 levels left

rFire    . . .     SeeInvis .   a - +0 hand axe
rCold    . . .     Faith    .   (no shield)
rNeg     + . .     Spirit   .   b - +0 animal skin
rPois    ∞         Reflect  .   (no helmet)
rElec    +         Harm     .   (no cloak)
rCorr    .                      (no gloves)
MR       .....                  (no boots)
Stlth    ..........             (no amulet)
HPRegen  0.14/turn              (no ring)
MPRegen  0.09/turn              (no ring)

@: berserking, very quick
A: negative energy resistance 1, electricity resistance, unbreathing,
petrification resistance, rot immunity, AC +3
a: Berserk, Trog's Hand, Renounce Religion


You were on level 3 of the Dungeon.
You worshipped Trog.
Trog was pleased with you.
You were not hungry.

You visited 1 branch of the dungeon, and saw 3 of its levels.

You collected 102 gold pieces.

Inventory:

Hand Weapons
 a - a +0 hand axe (weapon)
Armour
 b - a +0 animal skin (worn)
Scrolls
 d - 4 scrolls of remove curse {unknown}
 e - a scroll of blinking {unknown}
 g - a scroll of teleportation {unknown}
 i - 2 scrolls of identify {unknown}
 j - a scroll of magic mapping {unknown}
Potions
 f - a potion of degeneration {unknown}
 h - a potion of flight {unknown}
 k - a potion of heal wounds {unknown}
Comestibles
 c - 10 rations


   Skills:
 + Level 3.9 Fighting
 * Level 3.7 Axes
 + Level 3.0 Armour
 - Level 2.0 Dodging


You had 3 spell levels left.
You didn't know any spells.
Your spell library was empty.

Dungeon Overview and Level Annotations

Branches:
Dungeon (3/15)

Altars:
Trog


Innate Abilities, Weirdness & Mutations

You are resistant to torment.
Your stone body is resilient. (AC +3)
You are immune to poison.
You resist negative energy. (rN+)
You are resistant to electric shocks. (rElec)
You can survive without breathing.
You are immune to petrification.
You are immune to rotting.


Message History

You feel the power of Trog in you as your rage grows.
You kill the gnoll!
Trog accepts your kill.
Your Armour skill increases to level 3!
The gnoll barely misses you.
You completely miss the gnoll.
The gnoll is moderately wounded.
You closely miss the gnoll. The gnoll hits you with a +0 club.
The gnoll barely misses you.
You barely miss the gnoll.
The gnoll is moderately wounded.
You slash the gnoll! You slash the gnoll!
You kill the gnoll!
Trog accepts your kill.
You slash the gnoll! You barely miss the gnoll.
The gnoll hits you with a +0 flail!
* * * LOW HITPOINT WARNING * * *
The gnoll hits you with a +0 flail!
You die...

### ..# #.# #.#
####g##########
#..@)..........
####g##########
#.#### #....#
#######.#
#....##.#
#.##.†..#
#<####### #.#


You could see 2 gnolls.

Vanquished Creatures
  2 gnolls (D:3)
  2 oozes
  2 worms
  A dart slug (D:1)
  3 leopard geckos
  5 bats
  4 giant cockroaches
  4 goblins (D:2)
  7 hobgoblins
  3 jackals (D:2)
  4 kobolds
  A ball python (D:1)
  5 frilled lizards
  8 rats
51 creatures vanquished.

Notes
Turn   | Place    | Note
-------+----------+-------------------------------------------
     0 | D:1      | Arthanis the Gargoyle Berserker began the quest for the
                  | Orb.
     0 | D:1      | Reached XP level 1. HP: 14/14 MP: 1/1
   110 | D:1      | Reached XP level 2. HP: 16/19 MP: 2/2
   848 | D:2      | Reached XP level 3. HP: 19/23 MP: 3/3
  1025 | D:2      | Reached ** piety under Trog
  1836 | D:2      | Reached XP level 4. HP: 29/29 MP: 4/4
  2037 | D:2      | Found a bloodstained altar of Trog.
  2413 | D:3      | Slain by a gnoll

Illustrated notes

Levels and vault maps discovered:
D:1:      lightli_arrival_windingriver, layout_loops_ring, moated_statue
D:2:      kb_forest_paths, layout_basic, trog_book
D:3:      kennysheep_goblin_castle, layout_basic, kennysheep_vampire_church,
          first_ration, lemuel_old_faithful

Skill      XL: |  1  2  3  4 |
---------------+-------------+-----
Axes           | 3 |  3.7
Dodging        | 2 |  2.0
Armour         | 3 |  3.0
Fighting       | |  3.9

Action                   |  1- 3 |  4- 6 || total
-------------------------+-------+-------++-------
Melee: Hand axe          |   134 |    38 ||   172
Invok: Berserk           |     1 |     1 ||     2
 Stab: Sleeping          |     2 |       ||     2
  Eat: Ration            |     1 |     1 ||     2
Armor: Animal skin       |    60 |     8 ||    68
Dodge: Dodged            |    80 |    18 ||    98

Table legend:
 A = Non-vault XP
 B = Vault XP
 C = Vault XP percentage of total XP
 D = Non-vault monster count
 E = Vault monster count
 F = Vault count percentage of total count
                 A         B        C        D         E       F
            +---------+---------+-------+---------+---------+-------
      Total |     115 |      13 |  10.2 |      45 |       6 |  11.8
            +---------+---------+-------+---------+---------+-------
        D:1 |      33 |       0 |   0.0 |      17 |       0 |   0.0
        D:2 |      41 |      13 |  24.1 |      22 |       6 |  21.4
        D:3 |      41 |       0 |   0.0 |       6 |       0 |   0.0
            +---------+---------+-------+---------+---------+-------
